 Dungeon Crawl Stone Soup version 0.29.0-4-gdea44cf6ec (webtiles) character file.

Game seed: 9862808994888721680

107 qw the Ruffian (level 4, 0/35 HPs)
             Began as a Ghoul Fire Elementalist on Aug 29, 2022.
             Slain by a gnoll
             ... wielding a +0 halberd
              (9 damage)
             ... on level 3 of the Dungeon.
             The game lasted 00:01:56 (2523 turns).

qw the Ruffian (Ghoul Fire Elementalist)            Turns: 2523, Time: 00:01:56

Health: 0/35       AC:  9    Str: 13    XL:     4   Next: 85%
Magic:  5/5        EV:  6    Int: 10    God:
Gold:   146        SH:  0    Dex:  9    Spells: 5/6 levels left

rFire   . . .      SeeInvis .     - Unarmed
rCold   + + +      Faith    .   (no shield)
rNeg    + + +      Spirit   .   g - +0 chain mail
rPois   inf        Reflect  .   (no helmet)
rElec   .          Harm     .   a - +0 cloak of the Garden {rC++}
rCorr   .          Rampage  .   (no gloves)
Will    .....                   (no boots)
Stlth   ..........              (no amulet)
HPRegen 0.00/turn               (no ring)
MPRegen 0.09/turn               (no ring)

@: inhibited regen
A: claws 1, cold resistance 1, negative energy resistance 3, inhibited
regeneration, torment resistance 2, devour on kill
a: no special abilities


You were on level 3 of the Dungeon.
You visited 1 branch of the dungeon, and saw 3 of its levels.

You collected 146 gold pieces.


Innate Abilities, Weirdness & Mutations

You are immune to poison.
You have sharp fingernails.
Your flesh is cold resistant. (rC+)
You are immune to negative energy. (rN+++)
You do not regenerate when monsters are visible.
You are immune to unholy pain and torment.
You thrive by killing the living.


   Skills:
 - Level 1.0 Fighting
 - Level 1.7 Armour
 - Level 1.7 Dodging
 - Level 2.1 Stealth
 + Level 3.7 Unarmed Combat
 - Level 1.7 Spellcasting
 - Level 0.7 Conjurations
 - Level 2.4 Fire Magic


You had 5 spell levels left.
You knew the following spells:

 Your Spells              Type           Power      Damage    Failure   Level
a - Foxfire               Conj/Fire      16%        2x1d4     99%         1

Your spell library contained the following spells:

 Spells                   Type           Power      Damage    Failure   Level
 Scorch                   Fire           10%        2d6       99%         2
 Conjure Flame            Conj/Fire      4%         6-21      100%        3
 Inner Flame              Hex/Fire       3%         N/A       100%        3
 Flame Wave               Conj/Fire      4%         2d5       100%        4

Inventory:

Missiles
 b - a boomerang of dispersal (quivered)
Armour
 a - the +0 cloak of the Garden (worn) {rC++}
   (You acquired it on level 1 of the Dungeon)

   rC:        It greatly protects you from cold.
 g - a +0 chain mail (worn)
Scrolls
 d - a scroll of identify
Potions
 e - a potion of mutation {unknown}

Dungeon Overview and Level Annotations

Branches:
Dungeon (3/15)

Altars:
Qazlal


Message History

You feel much better. The gnoll hits you but does no damage.
You scratch the gnoll.
The gnoll is almost dead.
The gnoll completely misses you.
You scratch the gnoll but do no damage.
The gnoll is almost dead.
The gnoll barely misses you.
You claw the gnoll!
You kill the gnoll!
You feel better.
Done exploring.
(D) Dungeon
Where to? (* - list waypoints, Enter - D:3, ? - help)
What level of the Dungeon? (default 1, ? - help)
You climb downwards.
The gnoll hits you with a +0 whip. The gnoll closely misses you.
There is a stone staircase leading up here.
2518 ||| Stepping ~*~*~tactically~*~*~ (outnumbered).
The gnoll barely misses you.
You scratch the gnoll. You claw the gnoll.
The gnoll is heavily wounded.
The gnoll hits you with a +0 whip.
The gnoll hits you from afar with a +0 halberd!
You scratch the gnoll but do no damage.
The gnoll is heavily wounded.
The gnoll barely misses you. The gnoll hits you but does no damage.
You scratch the gnoll.
The gnoll is severely wounded.
The gnoll hits you but does no damage.
The gnoll hits you from afar with a +0 halberd!
You scratch the gnoll.
The gnoll is almost dead.
The gnoll barely misses you.
The gnoll hits you from afar with a +0 halberd.
You closely miss the gnoll.
The gnoll is almost dead.
The gnoll hits you but does no damage.
The gnoll hits you from afar with a +0 halberd!
You die...

... ##.##
..... #
#...###
#.##.#...#
#....#.#.#
###.)g..#
#>...g#...#
#.###@# ##
#. #.# #
..# ...#
###.# #.#
#.. ###


You could see 2 gnolls.

Vanquished Creatures
  An orc wizard (D:2)
  An adder (D:2)
  2 gnolls (D:2)
  A worm (D:2)
  4 orcs
  6 endoplasms
  5 giant cockroaches (D:1)
  6 hobgoblins
  3 kobolds
  5 ball pythons
  5 bats
  4 goblins
  4 rats
47 creatures vanquished.

Notes
Turn   | Place    | Note
-------+----------+-------------------------------------------
     0 | D:1      | qw the Ghoul Fire Elementalist began the quest for the Orb.
     0 | D:1      | Reached XP level 1. HP: 14/14 MP: 2/2
     0 | D:1      | 0 ||| qw: Version: 0.1-a-90-g952f4b7
     0 | D:1      | 0 ||| qw: Game counter: 3861
     0 | D:1      | 0 ||| qw: Always use a shield: true
     0 | D:1      | 0 ||| qw: God list: Okawaru
     0 | D:1      | 0 ||| qw: Allow faded altars: false
     0 | D:1      | 0 ||| qw: Do Orc after D:15 true
     0 | D:1      | 0 ||| qw: Do second Lair branch before Depths: true
     0 | D:1      | 0 ||| qw: Lair rune preference: random
     0 | D:1      | 0 ||| qw: Plans: Normal
     0 | D:1      | 0 ||| PLANNING D:1-11
   229 | D:1      | Reached skill level 1 in Unarmed Combat
   340 | D:1      | Reached skill level 1 in Fighting
   340 | D:1      | Reached XP level 2. HP: 13/23 MP: 3/3
  1193 | D:1      | Reached skill level 2 in Unarmed Combat
  1229 | D:1      | 1229 ||| Stepping ~*~*~tactically~*~*~ (outnumbered).
  1230 | D:1      | 1230 ||| Stepping ~*~*~tactically~*~*~ (outnumbered).
  1231 | D:1      | 1231 ||| Stepping ~*~*~tactically~*~*~ (outnumbered).
  1232 | D:1      | 1232 ||| Stepping ~*~*~tactically~*~*~ (outnumbered).
  1233 | D:1      | 1233 ||| Stepping ~*~*~tactically~*~*~ (outnumbered).
  1321 | D:1      | 1321 ||| Stepping ~*~*~tactically~*~*~ (outnumbered).
  1384 | D:1      | 1384 ||| UPGRADING to +0 leather armour.
  1394 | D:1      | 1394 ||| DROPPING +0 robe.
  1395 | D:1      | 1395 ||| READING scroll labelled FIELIF ZIFEIT.
  1395 | D:1      | Identified a scroll of acquirement
  1395 | D:1      | 1395 ||| ACQUIRING +0 cloak of the Garden {rC++}
  1395 | D:1      | Acquired the +0 cloak of the Garden {rC++}
  1397 | D:1      | 1397 ||| UPGRADING to +0 cloak of the Garden {rC++}.
  1402 | D:1      | 1402 ||| DROPPING potion of magic.
  1466 | D:2      | Found a stormy altar of Qazlal.
  1491 | D:2      | Reached XP level 3. HP: 28/28 MP: 4/4
  1591 | D:2      | 1591 ||| Stepping ~*~*~tactically~*~*~ (stealth).
  1643 | D:2      | 1643 ||| Stepping ~*~*~tactically~*~*~ (stealth).
  1644 | D:2      | 1644 ||| Stepping ~*~*~tactically~*~*~ (stealth).
  1645 | D:2      | 1645 ||| Stepping ~*~*~tactically~*~*~ (stealth).
  1718 | D:2      | Found a faded altar of an unknown god.
  1747 | D:2      | Reached skill level 3 in Unarmed Combat
  1959 | D:2      | 1959 ||| Stepping ~*~*~tactically~*~*~ (outnumbered).
  2028 | D:2      | 2028 ||| Stepping ~*~*~tactically~*~*~ (stealth).
  2031 | D:2      | 2031 ||| Stepping ~*~*~tactically~*~*~ (stealth).
  2033 | D:2      | 2033 ||| Stepping ~*~*~tactically~*~*~ (stealth).
  2035 | D:2      | 2035 ||| Stepping ~*~*~tactically~*~*~ (stealth).
  2265 | D:2      | 2265 ||| READING 2 scrolls labelled NIG TEILEVUB.
  2266 | D:2      | 2266 ||| READING scroll labelled EMYAWUDICE.
  2267 | D:2      | 2267 ||| READING scroll labelled OHUQEO UPRETZA.
  2268 | D:2      | 2268 ||| DRINKING 2 clear potions.
  2319 | D:3      | 2319 ||| Stepping ~*~*~tactically~*~*~ (hiding).
  2321 | D:3      | 2321 ||| Stepping ~*~*~tactically~*~*~ (hiding).
  2322 | D:3      | 2322 ||| Stepping ~*~*~tactically~*~*~ (hiding).
  2323 | D:3      | 2323 ||| Stepping ~*~*~tactically~*~*~ (outnumbered).
  2324 | D:3      | 2324 ||| STAIRDANCE
  2326 | D:2      | 2326 ||| Stepping ~*~*~tactically~*~*~ (outnumbered).
  2327 | D:2      | 2327 ||| Stepping ~*~*~tactically~*~*~ (outnumbered).
  2328 | D:2      | 2328 ||| Stepping ~*~*~tactically~*~*~ (outnumbered).
  2329 | D:2      | 2329 ||| Stepping ~*~*~tactically~*~*~ (outnumbered).
  2330 | D:2      | 2330 ||| Stepping ~*~*~tactically~*~*~ (outnumbered).
  2331 | D:2      | 2331 ||| Stepping ~*~*~tactically~*~*~ (outnumbered).
  2342 | D:2      | Reached XP level 4. HP: 30/35 MP: 5/5
  2382 | D:2      | 2382 ||| UPGRADING to +0 chain mail.
  2392 | D:2      | 2392 ||| DROPPING +0 leather armour.
  2400 | D:3      | 2400 ||| STAIRDANCE
  2428 | D:3      | 2428 ||| STAIRDANCE
  2430 | D:2      | 2430 ||| Stepping ~*~*~tactically~*~*~ (outnumbered).
  2431 | D:2      | 2431 ||| Stepping ~*~*~tactically~*~*~ (outnumbered).
  2433 | D:2      | 2433 ||| Stepping ~*~*~tactically~*~*~ (outnumbered).
  2498 | D:3      | 2498 ||| STAIRDANCE
  2508 | D:2      | Reached skill level 1 in Armour
  2511 | D:2      | HP: 8/35 [gnoll/+0 spear (4)]
  2512 | D:2      | 2512 ||| DRINKING potion of heal wounds.
  2518 | D:3      | 2518 ||| Stepping ~*~*~tactically~*~*~ (outnumbered).
  2523 | D:3      | Slain by a gnoll

Levels and vault maps discovered:
D:1:      sevenhm_arrival_forest_fort_small_3, layout_basic
D:2:      layout_basic, basic_altar, chequers_ecumenical_altar_twisty,
          hex_intersection
D:3:      layout_basic, serial_shops, nicolae_shop_hallway_plus,
          nicolae_shop_vocational

Skill      XL: |  1  2  3  4 |
---------------+-------------+-----
Unarmed Combat | 1 2 3 |  3.7
Fighting       | 1 |  1.0
Armour         | 1 |  1.7
Dodging        | |  1.7
Stealth        | |  2.1
Spellcasting   | |  1.7
Conjurations   | |  0.7
Fire Magic     | |  2.4

Action                   |  1- 3 |  4- 6 || total
-------------------------+-------+-------++-------
Melee: Unarmed           |   155 |    35 ||   190
       Punch             |     4 |     3 ||     7
  Use: Scroll            |     4 |       ||     4
       Potion            |     1 |     1 ||     2
Armor: Robe              |    17 |       ||    17
       Leather armour    |    10 |       ||    10
       Chain mail        |       |    20 ||    20
Dodge: Dodged            |    82 |    14 ||    96

Table legend:
 A = Non-vault XP
 B = Vault XP
 C = Vault XP percentage of total XP
 D = Non-vault monster count
 E = Vault monster count
 F = Vault count percentage of total count
                 A         B        C        D         E       F
            +---------+---------+-------+---------+---------+-------
      Total |     153 |       0 |   0.0 |      47 |       0 |   0.0
            +---------+---------+-------+---------+---------+-------
        D:1 |      33 |       0 |   0.0 |      21 |       0 |   0.0
        D:2 |     117 |       0 |   0.0 |      25 |       0 |   0.0
        D:3 |       3 |       0 |   0.0 |       1 |       0 |   0.0
            +---------+---------+-------+---------+---------+-------
